 Dungeon Crawl Stone Soup version 0.28.0-47-ge53b351184 (webtiles) character file.

Game seed: 11145197518145882575

1331 DearestLeader the Shield-Bearer (level 8, -2/67 HPs)
             Began as a Gnoll Fighter on Apr 25, 2022.
             Was a Priest of Okawaru.
             Shot with an arrow by a centaur (7 damage)
             ... on level 5 of the Dungeon.
             The game lasted 00:06:28 (4203 turns).

DearestLeader the Shield-Bearer (Gnoll Fighter)     Turns: 4203, Time: 00:06:29

Health: -2/67      AC:  9    Str: 18    XL:     8   Next: 60%
Magic:  13/13      EV: 12    Int:  8    God:    Okawaru [***...]
Gold:   172        SH:  5    Dex: 11    Spells: 13/13 levels left

rFire   + . .      SeeInvis .   n - +11 hunting sling of Hatred {freeze, rElec rF+}
rCold   . . .      Faith    .   c - +0 buckler
rNeg    . . .      Spirit   .   z - +3 leather armour
rPois   +          Reflect  .   F - +0 helmet
rElec   +          Harm     .   (no cloak)
rCorr   .          Rampage  .   (no gloves)
Will    .....                   u - +0 pair of boots
Stlth   ++........              (no amulet)
HPRegen 0.21/turn               f - ring of poison resistance
MPRegen 0.13/turn               (no ring)

@: about to teleport, hasted, very quick
A: fangs 1, strong nose, distributed training
a: Renounce Religion, Heroism


You were on level 5 of the Dungeon.
You worshipped Okawaru.
Okawaru was most pleased with you.
You visited 2 branches of the dungeon, and saw 6 of its levels.

You collected 172 gold pieces.

Inventory:

Hand Weapons
 a - a +0 war axe
 n - the +11 hunting sling of Hatred (weapon) {freeze, rElec rF+}
   (You found it on level 2 of the Dungeon)

   Any ammunition fired from it freezes those it strikes, dealing additional
   cold damage.
   It can also slow down cold-blooded creatures.
   rF:        It protects you from fire.
   rElec:     It insulates you from electricity.
 C - the +10 rapier of the Lair of Beasts {freeze, rElec MP-9 Dex+9 Stlth-}
   (You found it on level 4 of the Dungeon)

   It freezes those it strikes, dealing additional cold damage.
   It can also slow down cold-blooded creatures.
   Dex:       It affects your dexterity (+9).
   rElec:     It insulates you from electricity.
   MP:        It affects your magic capacity (-9).
   Stlth:     It makes you less stealthy.
Missiles
 i - 14 poisoned darts
 l - 2 throwing nets
 o - 181 stones (quivered ammo)
Armour
 b - a +0 scale mail
 c - a +0 buckler (worn)
 u - a +0 pair of boots (worn)
 z - a +3 leather armour (worn)
 F - a +0 helmet (worn)
Jewellery
 f - a ring of poison resistance (left hand)
 A - a ring of protection from fire
Wands
 E - a wand of flame (14)
Scrolls
 h - 2 scrolls of brand weapon
 m - 2 scrolls of fear {unknown}
 p - a scroll of summoning {unknown}
 q - a scroll of teleportation
 t - a scroll of amnesia {unknown}
 w - a scroll of magic mapping {unknown}
 x - a scroll of vulnerability {unknown}
 y - a scroll of enchant armour {unknown}
 G - a scroll of enchant weapon {unknown}
 J - a scroll of fog {unknown}
Potions
 d - a potion of might
 g - 4 potions of mutation
 j - a potion of curing {unknown}
 k - 3 potions of attraction
 r - 2 potions of invisibility
 v - 4 potions of cancellation
 B - a potion of ambrosia {unknown}
 D - a potion of magic {unknown}
 H - 2 potions of flight
 I - a potion of resistance {unknown}


   Skills:
 + Level 7.4 Fighting
 + Level 3.4 Short Blades
 + Level 3.4 Long Blades
 + Level 5.8 Axes
 + Level 3.4 Maces & Flails
 + Level 3.4 Polearms
 + Level 3.4 Staves
 + Level 3.4 Slings
 + Level 3.4 Bows
 + Level 3.4 Crossbows
 + Level 3.4 Throwing
 + Level 7.4 Armour
 + Level 3.4 Dodging
 + Level 3.4 Stealth
 + Level 7.4 Shields
 + Level 3.4 Unarmed Combat
 + Level 3.4 Spellcasting
 + Level 2.8 Conjurations
 + Level 2.8 Hexes
 + Level 2.8 Summonings
 + Level 2.8 Necromancy
 + Level 2.8 Translocations
 + Level 2.8 Transmutations
 + Level 2.8 Fire Magic
 + Level 2.8 Ice Magic
 + Level 2.8 Air Magic
 + Level 2.8 Earth Magic
 + Level 2.8 Poison Magic
 + Level 3.7 Invocations
 + Level 3.4 Evocations


You had 13 spell levels left.
You didn't know any spells.
Your spell library contained the following spells:

 Spells                   Type           Power      Damage    Failure   Level
 Dazzling Flash           Conj/Hex       10%        N/A       41%         3
 Agony                    Necr           5%         N/A       99%         5
 Silence                  Hex/Air        2%         N/A       99%         5


Dungeon Overview and Level Annotations

Branches:
Dungeon (5/15)             Temple (1/1) D:4

Altars:
Ashenzari
Cheibriados
Fedhas
Okawaru
Trog
Vehumet
Xom
Zin
The Shining One


Innate Abilities, Weirdness & Mutations

You have very sharp teeth.
Your uncanny sense of smell can sniff out nearby items.
Your experience applies equally to all skills.


Message History

You shoot a stone. The stone hits the gnoll sergeant.
The stone freezes the gnoll sergeant.
You kill the gnoll sergeant!
Okawaru accepts your kill.
You feel very sick.
A centaur comes into view.
You shoot a stone. The centaur shouts!
The stone hits the gnoll.
The stone freezes the gnoll.
The gnoll is moderately wounded.
You feel very sick.
The gnoll hits you from afar with a +0 spear.
You shoot a stone. The stone closely misses the gnoll.
You feel sick.
The centaur wields a +0 shortbow.
The centaur shoots an arrow.
The arrow completely misses you. The gnoll closely misses you.
The gnoll misses you.
The centaur shoots an arrow.
The arrow closely misses you.
You shoot a stone. The stone hits the gnoll.
The stone freezes the gnoll.
The gnoll is heavily wounded.
You feel sick.
The centaur shoots an arrow.
The arrow hits you. You block the gnoll's attack.
The gnoll hits you from afar with a +0 spear.
You shoot a stone. The stone barely misses the gnoll.
You feel sick.
The centaur shoots an arrow.
The arrow hits you. The gnoll hits you with a +0 flail.
The gnoll hits you from afar with a +0 spear.
The centaur shoots an arrow.
The arrow hits you.
You feel sick.
The centaur shoots an arrow.
The arrow hits you!
* * * LOW HITPOINT WARNING * * *
You feel sick. The gnoll hits you with a +0 spear.
* * * LOW HITPOINT WARNING * * *
It was a potion of haste.
You feel yourself speed up.
You feel sick.
You are no longer poisoned.
The gnoll closely misses you. The gnoll hits you with a +0 spear.
* * * LOW HITPOINT WARNING * * *
The gnoll barely misses you.
As you read the scroll labelled POGONW YSMUIN, it crumbles to dust.
You feel strangely unstable.
It was a scroll of teleportation.
The centaur shoots an arrow.
The arrow hits you!
You die...

....####...#.##.......#
.............##.......#
.#..##...##...........#
.##.........###.......#
.........#### #########
..###.... #∆ ..##..#.# (
∆ ......#.# ##.###∆ ∆#
...##.#... #.##@## .#
...##.#.#..##.#.#.# #(#
...##.#.##.....#g.#.(#
...##.#.#####...#gc.#
......#.......#..()#....
.)......##.....#((((.#..
...........#.....#......
...####.#####....(..#(..
..## #..# ......^(....


You could see a centaur and a gnoll.

Vanquished Creatures
  Pikel (D:4)
  A necrophage (D:4)
  3 lemures (D:4)
  A phantom (D:5)
  2 gnoll sergeants (D:5)
  3 scorpions
  A howler monkey (D:5)
  A bullfrog zombie (D:5)
  2 hounds (D:5)
  An iguana (D:4)
  A howler monkey zombie (D:5)
  A howler monkey skeleton (D:5)
  7 gnolls
  11 adders
  A shadow imp (D:5)
  An adder skeleton (D:4)
  An adder zombie (D:5)
  2 dart slugs
  An orc (D:3)
  16 ball pythons
  5 bats
  9 endoplasms
  3 giant cockroaches
  5 goblins
  6 hobgoblins
  6 jackals (D:3)
  4 quokkas
  A frilled lizard (D:1)
  4 kobolds
  5 rats
106 creatures vanquished.

Notes
Turn   | Place    | Note
-------+----------+-------------------------------------------
     0 | D:1      | DearestLeader the Gnoll Fighter began the quest for the
                  | Orb.
     0 | D:1      | Reached XP level 1. HP: 23/23 MP: 1/1
   274 | D:1      | Reached XP level 2. HP: 29/29 MP: 2/2
   700 | D:1      | Reached XP level 3. HP: 35/35 MP: 3/3
   876 | D:2      | Identified the +11 hunting sling of Hatred {freeze, rElec
                  | rF+}
  1002 | D:2      | Reached skill level 1 in Invocations
  1032 | D:2      | Reached skill level 1 in Short Blades
  1032 | D:2      | Reached skill level 1 in Long Blades
  1032 | D:2      | Reached skill level 1 in Maces & Flails
  1032 | D:2      | Reached skill level 1 in Polearms
  1032 | D:2      | Reached skill level 1 in Staves
  1032 | D:2      | Reached skill level 1 in Slings
  1032 | D:2      | Reached skill level 1 in Bows
  1032 | D:2      | Reached skill level 1 in Crossbows
  1032 | D:2      | Reached skill level 1 in Throwing
  1032 | D:2      | Reached skill level 1 in Dodging
  1032 | D:2      | Reached skill level 1 in Stealth
  1032 | D:2      | Reached skill level 1 in Unarmed Combat
  1032 | D:2      | Reached skill level 1 in Spellcasting
  1032 | D:2      | Reached skill level 1 in Evocations
  1051 | D:2      | Reached XP level 4. HP: 37/41 MP: 5/5
  1130 | D:2      | Reached skill level 1 in Conjurations
  1130 | D:2      | Reached skill level 1 in Hexes
  1130 | D:2      | Reached skill level 1 in Summonings
  1130 | D:2      | Reached skill level 1 in Necromancy
  1130 | D:2      | Reached skill level 1 in Translocations
  1130 | D:2      | Reached skill level 1 in Transmutations
  1130 | D:2      | Reached skill level 1 in Fire Magic
  1130 | D:2      | Reached skill level 1 in Ice Magic
  1130 | D:2      | Reached skill level 1 in Air Magic
  1130 | D:2      | Reached skill level 1 in Earth Magic
  1130 | D:2      | Reached skill level 1 in Poison Magic
  1942 | D:3      | Noticed a scorpion
  1945 | D:3      | Killed a scorpion
  1946 | D:3      | Reached XP level 5. HP: 47/47 MP: 5/7
  2220 | D:3      | Found a glowing silver altar of Zin.
  2293 | D:3      | Found a faded altar of an unknown god.
  2417 | D:3      | Found a broken altar of Ashenzari.
  3089 | D:4      | Identified the +10 rapier of the Lair of Beasts {freeze,
                  | rElec MP-9 Dex+9 Stlth-}
  3190 | D:4      | Found a staircase to the Ecumenical Temple.
  3200 | Temple   | Entered the Ecumenical Temple
  3219 | Temple   | Became a worshipper of Warmaster Okawaru
  3427 | D:4      | Noticed a necrophage
  3434 | D:4      | Killed a necrophage
  3435 | D:4      | Reached skill level 5 in Axes
  3435 | D:4      | Reached XP level 6. HP: 51/53 MP: 7/9
  3706 | D:4      | Noticed Pikel
  3711 | D:4      | Killed Pikel
  3711 | D:4      | Reached * piety under Okawaru
  3711 | D:4      | Reached ** piety under Okawaru
  3712 | D:4      | Reached XP level 7. HP: 60/60 MP: 9/11
  3840 | D:5      | Entered Level 5 of the Dungeon
  3914 | D:5      | Reached XP level 8. HP: 64/67 MP: 12/12
  3975 | D:5      | Reached *** piety under Okawaru
  4203 | D:5      | Shot with an arrow by a centaur

Illustrated notes

Levels and vault maps discovered:
D:1:      saegor_arrival_simple_b, layout_loops_ring, minmay_pentomino_u2
D:2:      layout_loops_ring, minmay_misc_feat_nine_boxes, minmay_crystal_room,
          minmay_snake_closets
D:3:      layout_rooms, mainiacjoe_overflow_alcove_4, zin_academy,
          nicolae_ecumenical_lake_church, serial_co_window_serial,
          co_window_paths_b, co_window_paths_a, co_window_corner_a,
          co_window_of_opportunity_a, co_window_of_opportunity_a,
          co_window_corner_a, co_window_cross_3, co_window_paths_c,
          co_window_unsneaky_path_b, co_window_of_opportunity_b,
          co_window_broadway_b, co_window_unsneaky_path_e, co_window_4corner_b,
          glass_columns_a
D:4:      layout_gridville, minmay_temple_entry_sparse_star, uniq_pikel
D:5:      layout_rooms, minmay_increasing_density
Temple:   eino_temple_water

Skill      XL: |  1  2  3  4  5  6  7  8 |
---------------+-------------------------+-----
Invocations    | 1 2 3 |  3.7
Short Blades   | 1 2 3 |  3.4
Long Blades    | 1 2 3 |  3.4
Maces & Flails | 1 2 3 |  3.4
Polearms       | 1 2 3 |  3.4
Staves         | 1 2 3 |  3.4
Slings         | 1 2 3 |  3.4
Bows           | 1 2 3 |  3.4
Crossbows      | 1 2 3 |  3.4
Throwing       | 1 2 3 |  3.4
Dodging        | 1 2 3 |  3.4
Stealth        | 1 2 3 |  3.4
Unarmed Combat | 1 2 3 |  3.4
Spellcasting   | 1 2 3 |  3.4
Evocations     | 1 2 3 |  3.4
Conjurations   | 1 2 |  2.8
Hexes          | 1 2 |  2.8
Summonings     | 1 2 |  2.8
Necromancy     | 1 2 |  2.8
Translocations | 1 2 |  2.8
Transmutations | 1 2 |  2.8
Fire Magic     | 1 2 |  2.8
Ice Magic      | 1 2 |  2.8
Air Magic      | 1 2 |  2.8
Earth Magic    | 1 2 |  2.8
Poison Magic   | 1 2 |  2.8
Axes           | 5 |  5.8
Fighting       | 7 |  7.4
Armour         | 7 |  7.4
Shields        | 7 |  7.4

Action                   |  1- 3 |  4- 6 |  7- 9 || total
-------------------------+-------+-------+-------++-------
Melee: War axe           |    71 |       |       ||    71
       Bite              |     4 |       |       ||     4
 Fire: Hunting sling     |    16 |   111 |    76 ||   203
  Use: Scroll            |       |       |     8 ||     8
       Potion            |       |       |     1 ||     1
Armor: Scale mail        |    35 |     3 |       ||    38
       Leather armour    |       |    10 |     6 ||    16
Dodge: Dodged            |    36 |    18 |    15 ||    69
Block: Buckler           |    20 |     6 |     7 ||    33
